 Dungeon Crawl Stone Soup version 0.26-a0-259-g1effd001a9 (webtiles) character file.

Game seed: 14978793635400294788

307 sanka the Slinger (level 6, -2/39 HPs)
             Began as a Halfling Arcane Marksman on July 14, 2020.
             Was a Believer of Ru.
             Slain by an ogre
             ... wielding a +0 giant club
              (25 damage)
             ... on level 3 of the Dungeon.
             The game lasted 00:06:48 (3737 turns).

sanka the Slinger (Halfling Arcane Marksman)        Turns: 3737, Time: 00:06:49

Health: -2/39      AC:  6    Str: 11    XL:     6   Next: 68%
Magic:  7/7        EV: 16    Int: 11    God:    Ru [**....]
Gold:   196        SH:  0    Dex: 17    Spells: 6/7 levels left

rFire    . . .     SeeInvis .   v - +1 dagger (venom)
rCold    . . .     Faith    .   (shield unavailable)
rNeg     . . .     Spirit   .   e - +0 robe
rPois    .         Reflect  .   n - +0 helmet
rElec    .         Harm     .   u - +0 cloak
rCorr    .                      r - +1 pair of gloves
MR       .....                  (no boots)
Stlth    ++........             (no amulet)
HPRegen  0.13/turn              (ring unavailable)
MPRegen  0.10/turn              (no ring)

@: no status effects
A: small, mutation resistance 1, missing a hand
a: Renounce Religion


You were on level 3 of the Dungeon.
You worshipped Ru.
Ru was pleased with you.
You were not hungry.

You visited 1 branch of the dungeon, and saw 4 of its levels.

You collected 196 gold pieces.


Innate Abilities, Weirdness & Mutations

You are small and have problems with some larger weapons.
You are somewhat resistant to further mutation.
You are missing a hand.


   Skills:
 - Level 2.0 Fighting
 + Level 8.0 Slings
 - Level 3.0 Dodging
 - Level 1.0 Spellcasting
 - Level 3.0 Hexes


You had 6 spell levels left.
You knew the following spells:

 Your Spells              Type           Power        Failure   Level
Z - Corona                Hex            #......      10%         1

Your spell library contained the following spells:

 Spells                   Type           Power        Failure   Level
 Slow                     Hex            #.......     14%         2
 Inner Flame              Hex/Fire       #.......     45%         3
 Portal Projectile        Hex/Tloc       #.....       45%         3
 Cause Fear               Hex            #.........   67%         4
 Leda's Liquefaction      Hex/Erth       #.........   86%         4

Inventory:

Hand Weapons
 a - a +0 hunting sling
 b - a +1 dagger of draining
 t - a +1 rapier of flaming
 v - a +1 dagger of venom (weapon)
Missiles
 c - 107 stones (quivered)
 d - 34 sling bullets
Armour
 e - a +0 robe (worn)
 n - a +0 helmet (worn)
 r - a +1 pair of gloves (worn)
 u - a +0 cloak (worn)
Scrolls
 g - a scroll of enchant armour {unknown}
 h - a scroll of fog {unknown}
 i - a scroll of amnesia {unknown}
 k - a scroll of enchant weapon {unknown}
 l - a scroll of teleportation {unknown}
 m - 2 scrolls of remove curse {unknown}
 q - a scroll of blinking {unknown}
Potions
 j - 2 potions of haste {unknown}
 o - 2 potions of degeneration {unknown}
 p - 2 potions of brilliance {unknown}
 s - a potion of flight {unknown}
 w - a potion of magic {unknown}
Comestibles
 f - 11 rations

Dungeon Overview and Level Annotations

Branches:
Dungeon (4/15)
 Temple: D:4-7

Altars:
Dithmenos
Hepliaklqana
Ru

Shops:
D:4

= ▒.▒.▒ ▒.▒...▒ ▒.▒.▒▒▒..
▒.▒.▒▒▒▒▒▒▒.▒...▒ ▒.▒......
▒.▒.........▒...▒ ▒.▒.....▒
▒.▒▒▒▒▒▒▒▒▒▒▒.▒.▒▒▒▒ ▒.▒▒.▒▒▒▒
▒.▒ ▒.▒.▒▒<▒▒▒▒▒........ ▒.▒
▒▒.............▒.▒▒▒▒ ▒.▒
▒.......▒▒▒▒▒▒.▒.▒▒▒▒ ▒.▒
▒.......▒▒..........▒ ▒.▒
▒...p...▒▒........... ▒.▒
▒▒▒▒O▒▒.▒▒...▒.▒▒▒▒.▒ ▒.▒
▒..).▒▒...▒.▒▒.▒.▒ ▒.▒
▒▒▒▒▒▒.▒..▒▒...▒....▒.▒ ▒.▒
▒......▒............... ▒.▒
▒▒▒▒.▒▒▒▒▒▒.......▒▒▒▒....
▒.▒▒▒▒▒....▒.....[..............
▒.▒▒..............).....▒▒▒▒▒▒▒▒
▒▒'▒▒.▒▒▒▒▒▒.▒▒▒..▒▒▒▒▒▒.▒ ▒


You could see an ogre (extremely poisoned, drained).


Message History

You barely miss the ogre.
The ogre is lightly wounded.
The ogre closely misses you.
You barely miss the ogre.
The ogre is lightly wounded.
The ogre hits you with a +0 giant club!
You hit the ogre.
The ogre is moderately wounded.
You closely miss the ogre.
The ogre is moderately wounded.
The ogre completely misses you.
You barely miss the ogre.
The ogre is moderately wounded.
The ogre barely misses you.
You hit the ogre. You drain the ogre.
The ogre is moderately wounded.
The ogre is stunned by your will and fails to attack.
Your +1 dagger of venom begins to drip with poison!
v - a +1 dagger of venom (weapon)
You hit the ogre.
The ogre is poisoned.
The ogre is heavily wounded.
The ogre completely misses you.
You hit the ogre.
The ogre looks as sick as possible!
The ogre is heavily wounded.
The ogre hits you with a +0 giant club!!
Ouch! That really hurt!
You die...

Action                   |  1- 3 |  4- 6 || total
-------------------------+-------+-------++-------
Melee: Dagger            |       |    79 ||    79
 Fire: Hunting sling     |    98 |   146 ||   244
Invok: Sacrifice a Hand  |       |     1 ||     1
  Eat: Ration            |     1 |     2 ||     3
Armor: Robe              |     9 |    27 ||    36
Dodge: Dodged            |    38 |   104 ||   142

Levels and vault maps discovered:
D:1:      minmay_arrival_plants_in_alcoves, layout_basic,
          lexackson_kobold_supper
D:2:      layout_basic, grunt_temple_overflow_diamond, first_ration
D:3:      layout_basic, guppyfry_early_orc_mine
D:4:      layout_rooms, kennysheep_mini, minmay_temple_entry_sparse_star,
          serial_shops, nicolae_shop_overgrown_old_shop, kennysheep_little_box,
          shop

Notes
Turn   | Place    | Note
-------+----------+-------------------------------------------
     0 | D:1      | sanka the Halfling Arcane Marksman began the quest for the
                  | Orb.
     0 | D:1      | Reached XP level 1. HP: 12/12 MP: 2/2
   113 | D:1      | Reached skill level 1 in Fighting
   332 | D:1      | Reached XP level 2. HP: 18/18 MP: 3/3
   965 | D:1      | Reached XP level 3. HP: 23/23 MP: 4/4
  1437 | D:2      | Reached XP level 4. HP: 18/29 MP: 5/5
  1624 | D:2      | Found a shadowy altar of Dithmenos.
  1655 | D:2      | Found a sacrificial altar of Ru.
  1658 | D:2      | Found a hazy altar of Hepliaklqana.
  1664 | D:2      | Became a worshipper of Ru the Awakened
  1815 | D:2      | Reached skill level 4 in Slings
  1815 | D:2      | Reached skill level 3 in Dodging
  2060 | D:2      | Reached skill level 2 in Fighting
  2086 | D:2      | Reached skill level 3 in Hexes
  2527 | D:3      | Reached XP level 5. HP: 34/34 MP: 6/6
  2530 | D:3      | Reached skill level 5 in Slings
  2808 | D:3      | Noticed a centaur
  2826 | D:3      | Killed a centaur
  2826 | D:3      | Reached skill level 7 in Slings
  2826 | D:3      | Reached XP level 6. HP: 15/39 MP: 7/7
  3644 | D:3      | Gained mutation: You are missing a hand. [Ru sacrifice]
  3644 | D:3      | Reached * piety under Ru
  3644 | D:3      | Reached ** piety under Ru
  3649 | D:4      | Found Xof Foi's Jewellery Shop.
  3656 | D:4      | Noticed an ogre
  3657 | D:4      | Noticed an ogre
  3708 | D:4      | Reached skill level 8 in Slings
  3737 | D:3      | Slain by an ogre

Vanquished Creatures
  A centaur (D:3)
  A howler monkey (D:4)
  An orc wizard (D:3)
  A worker ant (D:4)
  4 adders
  An ooze (D:2)
  2 worms (D:2)
  A dart slug (D:3)
  2 leopard geckos
  7 orcs (D:3)
  10 bats
  4 giant cockroaches
  9 goblins
  7 hobgoblins
  13 kobolds
  4 ball pythons
  7 frilled lizards
  9 rats
84 creatures vanquished.

Vanquished Creatures (others)
  2 plants (D:1)
2 creatures vanquished.

Grand Total: 86 creatures vanquished
